 Dungeon Crawl Stone Soup version 0.29.1-1-gd02db6906a (webtiles) character file.

Game seed: 10262612245001388402

172 Godmorgon the Cudgeller (level 5, -1/41 HPs)
             Began as a Gnoll Wanderer on Sept 22, 2022.
             Slain by a gnoll
             ... wielding a +3 spear
              (10 damage)
             ... on level 4 of the Dungeon.
             The game lasted 00:10:51 (3792 turns).

Godmorgon the Cudgeller (Gnoll Wanderer)            Turns: 3792, Time: 00:10:52

Health: -1/41      AC:  1    Str:  9    XL:     5   Next: 52%
Magic:  7/7        EV:  6    Int:  8    God:
Gold:   112        SH:  0    Dex: 21    Spells: 7/7 levels left

rFire   . . .      SeeInvis .   a - +2 mace
rCold   . . .      Faith    .   (no shield)
rNeg    . . .      Spirit   .   (no body armour)
rPois   .          Reflect  .   (no helmet)
rElec   .          Harm     .   (no cloak)
rCorr   .          Rampage  .   s - +0 pair of gloves
Will    .....      Clarity  +   (no boots)
Stlth   +++.......              (no amulet)
HPRegen 0.13/turn               y - ring of flight
MPRegen 0.10/turn               (no ring)

@: flying, held
A: fangs 1, strong nose, distributed training, agile 1, clarity
a: no special abilities


You were on level 4 of the Dungeon.
You visited 1 branch of the dungeon, and saw 4 of its levels.

You collected 112 gold pieces.

Inventory:

Hand Weapons
 a - a +2 mace (weapon)
 b - a +0 quarterstaff
 d - a +0 dagger
 m - a +1 dagger of draining
Missiles
 c - 22 poisoned darts (quivered)
 i - 5 stones
Armour
 j - a +0 ring mail
 s - a +0 pair of gloves (worn)
 x - a +0 leather armour of poison resistance
Magical Staves
 z - a staff of air
Jewellery
 n - a ring of fire
 y - a ring of flight (left hand)
Scrolls
 e - 2 scrolls of fear
 h - 2 scrolls of summoning {unknown}
 k - 2 scrolls of enchant armour {unknown}
 l - 3 scrolls of blinking {unknown}
 o - 4 scrolls of fog {unknown}
 p - 3 scrolls of teleportation {unknown}
 r - a scroll of identify {unknown}
 t - 2 scrolls of noise {unknown}
 v - a scroll of magic mapping {unknown}
 w - 2 scrolls of immolation {unknown}
Potions
 f - 2 potions of mutation
 g - 3 potions of curing {unknown}
 q - 2 potions of attraction {unknown}
 u - a potion of invisibility {unknown}


   Skills:
 + Level 3.0 Fighting
 + Level 1.6 Short Blades
 + Level 1.6 Long Blades
 + Level 1.6 Axes
 + Level 6.7 Maces & Flails
 + Level 1.6 Polearms
 + Level 4.8 Staves
 + Level 1.6 Ranged Weapons
 + Level 4.8 Throwing
 + Level 1.6 Armour
 + Level 1.6 Dodging
 + Level 2.8 Stealth
 + Level 1.6 Shields
 + Level 1.6 Unarmed Combat
 + Level 1.6 Spellcasting
 + Level 1.2 Conjurations
 + Level 1.2 Hexes
 + Level 1.2 Summonings
 + Level 1.2 Necromancy
 + Level 1.2 Translocations
 + Level 1.2 Transmutations
 + Level 1.2 Fire Magic
 + Level 1.2 Ice Magic
 + Level 1.2 Air Magic
 + Level 1.2 Earth Magic
 + Level 1.2 Poison Magic
 + Level 1.8 Invocations
 + Level 3.0 Evocations


You had 7 spell levels left.
You didn't know any spells.
Your spell library contained the following spells:

 Spells                   Type           Power      Damage    Failure   Level
 Dazzling Flash           Conj/Hex       4%         N/A       54%         3
 Portal Projectile        Hex/Tloc       4%         N/A       54%         3
 Tukima's Dance           Hex            2%         N/A       54%         3
 Iskenderun's Mystic Bla  Conj/Tloc      2%         2d3       91%         4
 Blade Hands              Tmut           1%         N/A       99%         5
 Starburst                Conj/Fire      1%         6d3       100%        6


Dungeon Overview and Level Annotations

Branches:
Dungeon (4/15)
 Temple: D:4-7

Altars:
Nemelex Xobeh


Innate Abilities, Weirdness & Mutations

You have very sharp teeth.
Your uncanny sense of smell can sniff out nearby items.
Your experience applies equally to all skills.
You are agile. (Dex +4, Str/Int -1)
You possess an exceptional clarity of mind.


Message History

The gnoll shouts!
You hear a shout! x2
The teleport trap disappears.
The hobgoblin disappears!
The hobgoblin reappears nearby!
You feel sick.
The hobgoblin shouts!
You hit the adder.
The adder is heavily wounded.
You feel sick.
You are no longer poisoned.
The adder bites you.
You are poisoned.
The adder poisons you! The adder barely misses you.
You hit the adder.
You kill the adder!
You feel sick.
You sock the hobgoblin!
You kill the hobgoblin!
You feel sick.
You feel sick. The gnoll hits you with a +3 spear!
You see here an adder corpse.
The gnoll shouts!
You hit the gnoll.
The gnoll is lightly wounded.
You feel sick. The gnoll hits you with a +3 spear.
Press: ? - help, v - describe, . - travel
Here: a gnoll, wielding a +3 spear and quivering a throwing net The floor.
Unknown command.
The gnoll attacks as you move away! The gnoll hits you with a +3 spear.
* * * LOW HITPOINT WARNING * * *
You feel sick.
The gnoll throws a throwing net.
The throwing net hits you.
You become entangled in the net!
You see here a throwing net.
Okay, then.
It was a potion of mutation.
You feel extremely strange.
Your thoughts seem clearer.
You feel agile.
You feel sick.
You are no longer poisoned.
The gnoll hits you from afar with a +3 spear!
You die...

. #..... g
..... ###.
#... ....###
... .......
#.## .......
#..#
.......###..#
..._g..g†@.<#
........##..##
........#....#
.....(..#.##.#
###.....#)# .#
#.#####....#
#. #..#..# #
#.....# #....
.#


You could see 2 gnolls.

Vanquished Creatures
  An orc wizard (D:3)
  4 adders
  A gnoll (D:2)
  A worm (D:3)
  7 dart slugs
  9 orcs (D:3)
  2 bats
  4 endoplasms
  3 giant cockroaches
  5 goblins
  A hobgoblin (D:4)
  16 jackals
  A quokka (D:1)
  5 ball pythons
  4 frilled lizards
  4 kobolds
  4 rats
72 creatures vanquished.

Notes
Turn   | Place    | Note
-------+----------+-------------------------------------------
     0 | D:1      | Godmorgon the Gnoll Wanderer began the quest for the Orb.
     0 | D:1      | Godmorgon set off with the following items: a +2 mace, a +0
                  | quarterstaff, 14 poisoned darts, a +0 dagger, a scroll of
                  | fear, a +0 robe.
     0 | D:1      | Reached XP level 1. HP: 17/17 MP: 1/1
   203 | D:1      | Reached XP level 2. HP: 23/23 MP: 2/2
   229 | D:1      | Found a faded altar of an unknown god.
   797 | D:1      | Reached XP level 3. HP: 26/28 MP: 3/3
   976 | D:2      | Reached skill level 1 in Invocations
  1313 | D:2      | Reached skill level 1 in Short Blades
  1313 | D:2      | Reached skill level 1 in Long Blades
  1313 | D:2      | Reached skill level 1 in Axes
  1313 | D:2      | Reached skill level 1 in Polearms
  1313 | D:2      | Reached skill level 1 in Ranged Weapons
  1313 | D:2      | Reached skill level 1 in Armour
  1313 | D:2      | Reached skill level 1 in Dodging
  1313 | D:2      | Reached skill level 1 in Shields
  1313 | D:2      | Reached skill level 1 in Unarmed Combat
  1313 | D:2      | Reached skill level 1 in Spellcasting
  1665 | D:2      | Reached XP level 4. HP: 34/34 MP: 5/5
  2263 | D:3      | Reached skill level 1 in Conjurations
  2263 | D:3      | Reached skill level 1 in Hexes
  2263 | D:3      | Reached skill level 1 in Summonings
  2263 | D:3      | Reached skill level 1 in Necromancy
  2263 | D:3      | Reached skill level 1 in Translocations
  2263 | D:3      | Reached skill level 1 in Transmutations
  2263 | D:3      | Reached skill level 1 in Fire Magic
  2263 | D:3      | Reached skill level 1 in Ice Magic
  2263 | D:3      | Reached skill level 1 in Air Magic
  2263 | D:3      | Reached skill level 1 in Earth Magic
  2263 | D:3      | Reached skill level 1 in Poison Magic
  2871 | D:3      | Reached XP level 5. HP: 39/40 MP: 5/7
  3772 | D:4      | Found a sparkling altar of Nemelex Xobeh.
  3792 | D:4      | Gained mutation: You possess an exceptional clarity of
                  | mind. [potion of mutation]
  3792 | D:4      | Gained mutation: You are agile. (Dex +4, Str/Int -1)
                  | [potion of mutation]
  3792 | D:4      | Slain by a gnoll

Illustrated notes

Levels and vault maps discovered:
D:1:      lemuel_arrival_behind_the_door_small, layout_basic,
          hellmonk_ecumenical_altar_inner_sanctum, serial_forest,
          infiniplex_forest_lined_3, infiniplex_forest_lined_room_3,
          infiniplex_forest_end_1, infiniplex_forest_clump_tiny,
          infiniplex_forest_zigzag_2, infiniplex_forest_end_2,
          infiniplex_forest_zigzag_1, minmay_misc_feat_rugged
D:2:      layout_loops_cross, cheibrodos_gnoll_hut
D:3:      kennysheep_slugbush, layout_basic
D:4:      gammafunk_cloud_chamber, layout_rooms, nicolae_overflow_crystal_walls

Skill      XL: |  1  2  3  4  5 |
---------------+----------------+-----
Invocations    | 1 |  1.8
Short Blades   | 1 |  1.6
Long Blades    | 1 |  1.6
Axes           | 1 |  1.6
Polearms       | 1 |  1.6
Ranged Weapons | 1 |  1.6
Armour         | 1 |  1.6
Dodging        | 1 |  1.6
Shields        | 1 |  1.6
Unarmed Combat | 1 |  1.6
Spellcasting   | 1 |  1.6
Conjurations   | 1 |  1.2
Hexes          | 1 |  1.2
Summonings     | 1 |  1.2
Necromancy     | 1 |  1.2
Translocations | 1 |  1.2
Transmutations | 1 |  1.2
Fire Magic     | 1 |  1.2
Ice Magic      | 1 |  1.2
Air Magic      | 1 |  1.2
Earth Magic    | 1 |  1.2
Poison Magic   | 1 |  1.2
Fighting       | 3 |  3.0
Evocations     | 3 |  3.0
Maces & Flails | |  6.7
Staves         | |  4.8
Throwing       | |  4.8
Stealth        | |  2.8

Action                   |  1- 3 |  4- 6 || total
-------------------------+-------+-------++-------
Melee: Mace              |    84 |   103 ||   187
       Bite              |     7 |    10 ||    17
       Punch             |     1 |     1 ||     2
  Use: Scroll            |       |     1 ||     1
       Potion            |       |     1 ||     1
 Stab: Sleeping          |     5 |     3 ||     8
Armor: Ring mail         |    19 |    36 ||    55
Dodge: Dodged            |    48 |    43 ||    91
